 Dungeon Crawl Stone Soup version 0.32-a0-314-g526f7d4993 (webtiles) character file.

Game seed: 6866242059055980832

97 Sweetruy1997 the Shooter (level 5, 0/29 HPs)
             Began as a Kobold Hexslinger on Feb 15, 2024.
             Slain by a goblin
             ... wielding a +0 dagger
             ... led by Robin
              (2 damage)
             ... on level 2 of the Dungeon.
             The game lasted 00:03:08 (1417 turns).

Sweetruy1997 the Shooter (Kobold Hexslinger)        Turns: 1417, Time: 00:03:09

Health: 0/29       AC:  2    Str:  7    XL:     5   Next: 0%
Magic:  1/7        EV: 15    Int: 14    God:
Gold:   74         SH:  0    Dex: 18    Spells: 3/7 levels left

rFire   . . .        a - +1 sling
rCold   . . .        (no shield)
rNeg    . . .        c - +0 robe
rPois   .            (no helmet)
rElec   .            (no cloak)
rCorr   .            (no gloves)
SInv    .            (no boots)
Will    .....        (no amulet)
Stlth   +++          (no ring)
HPRegen 0.24/turn    (no ring)
MPRegen 0.10/turn

%: no passive effects
@: weak-willed, jinxed
A: small, no large weapons, nightstalker 3
a: no special abilities


You were on level 2 of the Dungeon.
You visited 1 branch of the dungeon, and saw 2 of its levels.

You collected 74 gold pieces.

Inventory:

Hand Weapons
 a - a +1 sling (weapon)
 e - a +0 short sword
Armour
 c - a +0 robe (worn)
Scrolls
 b - a scroll of poison
 d - a scroll of summoning {unknown}
 f - 2 scrolls of identify {unknown}
Potions
 g - a potion of curing {unknown}


   Skills:
 + Level 1.2 Fighting
 + Level 3.9 Ranged Weapons
 + Level 2.8 Dodging
 + Level 2.8 Stealth
 + Level 1.7 Spellcasting
 + Level 3.7 Hexes
 + Level 1.0 Fire Magic


You had 3 spell levels left.
You knew the following spells:

 Your Spells              Type           Power      Damage    Failure   Level
a - Jinxbite              Hex            22%        N/A       8%          2
b - Call Imp              Summ           2%         N/A       36%         2

Your spell library contained the following spells:

 Spells                   Type           Power      Damage    Failure   Level
 Confusing Touch          Hex            11%        N/A       16%         3
 Sigil of Binding         Hex            11%        N/A       16%         3
 Kiss of Death            Conj/Necr      4%         2d5       24%         1
 Inner Flame              Hex/Fire       7%         N/A       28%         3
 Sublimation of Blood     Necr           1%         N/A       36%         2
 Cause Fear               Hex            5%         N/A       45%         4
 Dimensional Bullseye     Hex/Tloc       3%         N/A       75%         4
 Dispel Undead            Necr           1%         3d6       94%         4
 Summon Hydra             Summ           0%         N/A       100%        7


Dungeon Overview and Level Annotations

Branches:
Dungeon (2/15)

Altars:


Innate Abilities, Weirdness & Mutations

You are small and have problems with some larger weapons.
You are completely attuned to the shadows.


Message History

Robin roars a battlecry!
The goblins go into a battle-frenzy!
You shoot a sling bullet. The sling bullet hits Robin.
Robin is almost dead.
A giggling sprite leaps out and smacks Robin with their own hand.
You kill Robin!
The goblin hits you with a +0 dagger.
You have reached level 5!
You feel agile.
You shoot a sling bullet. The sling bullet misses the goblin.
The jinxing sprites lose interest in you.
The goblin barely misses you. The goblin hits you with a +0 dagger.
A hobgoblin comes into view. x2
The goblin hits you with a +0 dagger. The goblin closely misses you.
You are too injured to fight recklessly!
The air fills with toxic fumes!
As you read the scroll of poison, it crumbles to dust.
The goblin barely misses you. The goblin hits you with a +0 dagger.
You are too injured to fight recklessly!
Casting: Jinxbite (safe; 8% risk of failure)
Press: ? - help, Q - select action, (/) - cycle Dir - look around, f - activate Look: a goblin, wielding a +0 dagger (strong)
You beckon some vexing sprites to accompany your attacks.
You feel your willpower being sapped. The goblin closely misses you.
The goblin hits you with a +0 dagger.
* * * LOW HITPOINT WARNING * * *
You shoot a sling bullet. The sling bullet hits the goblin.
The goblin is moderately wounded.
A giggling sprite leaps out and doodles on the goblin's face.
The goblin is severely wounded.
The goblin hits you but does no damage. The goblin hits you with a +0 dagger.
* * * LOW HITPOINT WARNING * * *
You shoot a sling bullet.
The sling bullet closely misses the goblin.
The goblin hits you but does no damage. The goblin hits you with a +0 dagger.
* * * LOW HITPOINT WARNING * * *
You shoot a sling bullet. The sling bullet hits the goblin!
You kill the goblin!
The goblin hits you with a +0 dagger.
You die...

###### .....# .###.#
.#.#.#
...#.###############g
##.#........☼§§)@gggg
.#.##################
)#.# .#.# ...# .#.#
.### .# .#


You could see 4 hobgoblins and a goblin (strong).

Vanquished Creatures
  Natasha (D:2)
  Robin (D:2)
  2 dart slugs (D:1)
  A bat (D:1)
  3 endoplasms (D:1)
  2 giant cockroaches (D:1)
  7 goblins
  3 hobgoblins
  4 jackals (D:1)
  6 kobolds
  A ball python (D:2)
  A rat (D:1)
32 creatures vanquished.

Notes
Turn   | Place    | Note
-------+----------+-------------------------------------------
     0 | D:1      | Sweetruy1997 the Kobold Hexslinger began the quest for the
                  | Orb.
     0 | D:1      | Reached XP level 1. HP: 12/12 MP: 2/2
   111 | D:1      | Reached XP level 2. HP: 16/16 MP: 3/3
   449 | D:1      | Reached XP level 3. HP: 20/20 MP: 4/4
   455 | D:1      | Learned a level 2 spell: Jinxbite
  1201 | D:2      | Learned a level 2 spell: Call Imp
  1270 | D:2      | Noticed Natasha
  1275 | D:2      | Killed Natasha
  1276 | D:2      | Reached XP level 4. HP: 25/25 MP: 3/6
  1403 | D:2      | Noticed Robin
  1411 | D:2      | Killed Robin
  1412 | D:2      | Reached XP level 5. HP: 21/29 MP: 2/7
  1417 | D:2      | Slain by a goblin

Illustrated notes

Levels and vault maps discovered:
D:1:      wander_arrival_chamber, layout_basic
D:2:      layout_basic, uniq_robin, uniq_natasha

Skill      XL: |  1  2  3 |
---------------+----------+-----
Ranged Weapons | 3 |  3.9
Stealth        | 2 |  2.8
Fighting       | |  1.2
Dodging        | |  2.8
Spellcasting   | |  1.7
Hexes          | |  3.7
Fire Magic     | |  1.0

Action                     |  1- 3 |  4- 6 || total
---------------------------+-------+-------++-------
   Fire: Sling             |    41 |    16 ||    57
   Cast: Jinxbite          |     5 |     6 ||    11
         Call Imp          |     1 |       ||     1
    Use: Scroll            |       |     1 ||     1
 Armour: Robe              |     4 |    14 ||    18
  Dodge: Dodged            |     9 |     6 ||    15

Table legend: (Time is in decaauts)
 A = Elapsed time spent in this place.
 B = Non-inter-level travel time spent in this place.
 C = Inter-level travel time spent in this place.
 D = Time resting spent in this place.
 E = Time spent auto-exploring this place.
 F = Levels seen in this place.
 G = Mean time per level.
                   A        B        C        D        E       F      G
               +--------+--------+--------+--------+--------+-----+--------+
         Total |   1430 |   1395 |     35 |      0 |   1264 |   2 |  715.0 |
       Dungeon |   1430 |   1395 |     35 |      0 |   1264 |   2 |  715.0 |
               +--------+--------+--------+--------+--------+-----+--------+

Top non-repeatable levels by time:
     D:1: 1076 daAuts
     D:2: 353 daAuts
